 Dungeon Crawl Stone Soup version 0.29.1-1-gd02db6906a (webtiles) character file.

Game seed: 13079613709395492900

18060 Earthwalker the Spear-Bearer (level 12, -7/90 (115) HPs)
             Began as a Minotaur Monk on Oct 4, 2022.
             Was the Champion of Elyvilon.
             Mangled by a spectral orc warrior (8 damage)
             ... summoned by Nergalle
             ... on level 11 of the Dungeon.
             The game lasted 01:47:53 (19365 turns).

Earthwalker the Spear-Bearer (Minotaur Monk)       Turns: 19365, Time: 01:47:54

HP:   -7/90 (115)   AC: 24    Str: 17    XL:     12   Next: 24%
MP:   11/11         EV: 12    Int:  7    God:    Elyvilon [******]
Gold: 959           SH:  0    Dex: 17    Spells: 11/11 levels left

rFire   . . .      SeeInvis .   a - +2 spear
rCold   . . .      Faith    .   (no shield)
rNeg    . . .      Spirit   .   g - +5 plate armour {Will+}
rPois   .          Reflect  .   Q - +0 hat
rElec   .          Harm     .   u - +0 cloak
rCorr   .          Rampage  .   l - +0 pair of gloves
Will    +....                   (no boots)
Stlth   ..........              F - amulet of the acrobat
HPRegen 0.25/turn               n - +4 ring of evasion
MPRegen 0.12/turn               q - ring of flight

@: about to teleport, flying, studying Shields, heavily drained
A: horns 2, retaliatory headbutt
a: Renounce Religion, Purification, Heal Other, Heal Self, Divine Vigour


You were on level 11 of the Dungeon.
You worshipped Elyvilon.
Elyvilon was exalted by your worship.
You visited 4 branches of the dungeon, and saw 15 of its levels.
You also visited: Ossuary.

You collected 959 gold pieces.

Inventory:

Hand Weapons
 a - a +2 spear (weapon)
 E - a +0 vorpal flail
 N - a +3 flail
 P - a +0 shortbow
 V - a +0 quarterstaff of freezing
Missiles
 X - 6 poisoned darts
Armour
 g - a +5 plate armour of willpower (worn)
 l - a +0 pair of gloves (worn)
 u - a +0 cloak (worn)
 Q - a +0 hat (worn)
 W - a +2 robe of cold resistance
Jewellery
 b - a +6 ring of strength
 n - a +4 ring of evasion (left hand)
 o - a +4 ring of evasion
 q - a ring of flight (right hand)
 F - an amulet of the acrobat (around neck)
 J - a ring of protection from cold
 T - a ring of ice
Wands
 s - a wand of light (4)
 v - a wand of polymorph (6)
 M - a wand of roots (8)
Scrolls
 d - 3 scrolls of vulnerability
 f - 2 scrolls of amnesia
 h - a scroll of teleportation
 j - a scroll of torment (quivered)
 m - 2 scrolls of poison
 r - a scroll of fear
 t - a scroll of noise {unknown}
 x - 2 scrolls of magic mapping {unknown}
 y - 2 scrolls of fog {unknown}
 I - a scroll of blinking {unknown}
 K - 2 scrolls of summoning {unknown}
 L - a scroll of immolation {unknown}
 R - a scroll of brand weapon {unknown}
 Z - 2 scrolls of identify
Potions
 c - 3 potions of ambrosia
 e - 5 potions of degeneration
 i - 4 potions of flight {unknown}
 k - 5 potions of brilliance
 p - 5 potions of heal wounds
 w - 7 potions of curing
 z - 2 potions of lignification {unknown}
 A - 3 potions of might {unknown}
 B - a potion of berserk rage
 C - 3 potions of mutation {unknown}
 D - a potion of invisibility {unknown}
 G - 2 potions of haste
 H - a potion of resistance {unknown}
 S - 3 potions of magic {unknown}
 U - 2 potions of cancellation {unknown}
 Y - a potion of attraction {unknown}


   Skills:
 + Level 13.4 Fighting
 + Level 14.8 Polearms
 + Level 13.5 Armour
 + Level 4.9 Dodging
 + Level 2.5 Stealth
 + Level 0.9 Invocations


You had 11 spell levels left.
You didn't know any spells.
Your spell library contained the following spells:

 Spells                   Type           Power      Damage    Failure   Level
 Sting                    Tmut/Pois      0%         1d3       100%        1
 Ensorcelled Hibernation  Hex/Ice        0%         N/A       100%        2
 Static Discharge         Conj/Air       0%         3-3/arc   100%        2
 Frozen Ramparts          Ice            0%         1d1       100%        3
 Spider Form              Tmut/Pois      0%         N/A       100%        3
 Anguish                  Hex/Necr       0%         N/A       100%        4
 Dispel Undead            Necr           0%         3d6       100%        4
 Fulminant Prism          Conj/Hex       0%         3d6       100%        4
 Ice Form                 Ice/Tmut       0%         N/A       100%        4
 Iskenderun's Mystic Bla  Conj/Tloc      0%         2d3       100%        4
 Sticky Flame             Conj/Fire      0%         2d3       100%        4
 Summon Ice Beast         Ice/Summ       0%         N/A       100%        4
 Lee's Rapid Deconstruct  Erth           0%         3d5*      100%        5


Dungeon Overview and Level Annotations

Branches:
Dungeon (11/15)            Temple (1/1) D:7            Lair (1/5) D:9
    Orc (2/2) D:9             Elf (0/3) Orc:2       Ossuary (visited)

Altars:
Cheibriados
Dithmenos
Elyvilon
Fedhas
Gozag
Hepliaklqana
Kikubaaqudgha
Makhleb
Nemelex Xobeh
Okawaru
Qazlal
Ru
Sif Muna
Trog
Uskayaw
Vehumet
Wu Jian
Yredelemnul
Zin
The Shining One

Shops:
Orc:1 (

Annotations:
D:6 Prince Ribbit
D:8 3 runed translucent doors, PanSaczeczos's ghost, novice BaEE
D:10 2 runed translucent doors
D:11 Nergalle
Orc:2 Sonja


Innate Abilities, Weirdness & Mutations

You have a pair of horns on your head.
You reflexively headbutt those who attack you in melee.


Message History

You furiously retaliate!
You headbutt the spectral orc warrior, but do no damage.
Unknown command.
You hit the spectral orc knight.
The spectral orc knight is almost destroyed.
Nergalle hits you with a +0 dagger.
* * * LOW HITPOINT WARNING * * *
The spectral orc knight misses you.
The spectral orc knight hits you but does no damage.
The spectral orc warrior closely misses you.
The spectral orc knight closely misses you.
The spectral orc warrior hits you from afar with a +0 trident.
* * * LOW HITPOINT WARNING * * *
You feel drained.
* * * LOW HITPOINT WARNING * * *
Unknown command.
You hit the spectral orc knight but do no damage.
The spectral orc knight is almost destroyed.
The spectral orc warrior misses you. x2; You furiously retaliate!
You headbutt the spectral orc warrior.
Unknown command.
Unknown command.
As you read the scroll of teleportation, it crumbles to dust.
You feel strangely unstable. Nergalle hits you but does no damage.
The spectral orc knight misses you. You furiously retaliate!
You headbutt the spectral orc knight!
You destroy the spectral orc knight!
The spectral orc knight disappears in a puff of smoke!
The spectral orc warrior barely misses you.
The spectral orc knight hits you with a +0 great mace!
* * * LOW HITPOINT WARNING * * *
You feel drained.
* * * LOW HITPOINT WARNING * * *
The spectral orc knight hits you with a +0 war axe!
* * * LOW HITPOINT WARNING * * *
You feel drained. Elyvilon protects you from harm!
The spectral orc warrior hits you but does no damage.
The spectral orc warrior hits you!
You die...

##......# ..........
##......######### ..........
#...............# .........
#...............### ######......
#...............#.. ....#......
#...............#.# #..#......
#............ZZZ#.# #..#......
#............ZoZ#.#####..'......
#............ZZ@ยง........#......
#............ZZZ#........#######
###......#########'#######
#......## #......# #.......#
#......# #.......# #......#
#.......# #......# #.......#
######## #########


You could see Nergalle, a spectral orc (summoned), 5 spectral orc warriors, 3
spectral orc knights and a spectral orc warlord (summoned).

Vanquished Creatures
  Gastronok (D:9)
  Fannar (D:10)
  2 two-headed ogres (D:9)
  An orc high priest (D:9)
  An orc knight (Orc:1)
  An orc sorcerer (D:9)
  2 cane toads (Lair:1)
  A komodo dragon (Lair:1)
  4 trolls
  A hornet (D:8)
  Grinder (D:5)
  5 wyverns (D:9)
  2 basilisks (D:9)
  17 yaks
  Grum (D:9)
  A steam dragon (D:8)
  Edmund (D:5)
  A warg (Orc:1)
  An acid dragon (D:10)
  5 water moccasins
  17 orc warriors
  An ice beast (D:5)
  2 black bears (D:9)
  12 wolves
  A hornet zombie (Ossuary)
  5 ogres
  2 phantoms
  2 centaurs (D:9)
  2 bullfrogs
  2 kobold brigands
  2 gnoll sergeants
  2 necrophages
  2 scorpions
  5 wights (D:10)
  2 water moccasin zombies (Ossuary)
  13 killer bees
  4 bullfrog zombies (Ossuary)
  5 centaur zombies (Ossuary)
  A gnoll bouda (D:7)
  3 hounds
  3 jellies
  9 orc priests
  Ijyb (D:3)
  A scorpion zombie (D:3)
  3 iguanas
  17 orc wizards
  2 killer bee zombies (Ossuary)
  A hound zombie (D:3)
  3 howler monkey zombies (Ossuary)
  15 mummies (Ossuary)
  13 gnolls
  9 adders
  A shadow imp (D:7)
  2 white imps (D:6)
  4 worms
  3 dart slugs
  56 orcs
  9 ball pythons
  8 endoplasms
  3 giant cockroaches
  10 goblins
  5 hobgoblins
  7 jackals (D:3)
  7 quokkas
  A ball python zombie (D:3)
  5 bats
  3 frilled lizards
  2 goblin zombies (D:7)
  17 kobolds
  A quokka zombie (D:3)
  2 rats
358 creatures vanquished.

Vanquished Creatures (others)
  4 fungi
  51 plants
  8 withered plants (Ossuary)
63 creatures vanquished.

Grand Total: 421 creatures vanquished

Notes
Turn   | Place    | Note
-------+----------+-------------------------------------------
     0 | D:1      | Earthwalker the Minotaur Monk began the quest for the Orb.
     0 | D:1      | Reached XP level 1. HP: 19/19 MP: 0/0
     6 | D:1      | Noticed a rime drake
     6 | D:1      | Noticed a hog
     7 | D:1      | Noticed a black bear
     7 | D:1      | Noticed a killer bee
   291 | D:1      | Reached XP level 2. HP: 27/27 MP: 1/1
   527 | D:1      | Reached skill level 4 in Polearms
  1171 | D:2      | Reached XP level 3. HP: 33/33 MP: 2/2
  1341 | D:2      | Found a faded altar of an unknown god.
  1357 | D:2      | Got Plato's Treatise on the Assassin
  1540 | D:2      | Reached XP level 4. HP: 41/41 MP: 3/3
  1643 | D:2      | Reached skill level 1 in Armour
  2021 | D:3      | Found a white marble altar of Elyvilon.
  2054 | D:3      | Became a worshipper of Elyvilon the Healer
  2054 | D:3      | Reached * piety under Elyvilon
  2054 | D:3      | Reached ** piety under Elyvilon
  2082 | D:3      | Noticed Ijyb
  2118 | D:3      | Killed Ijyb
  2197 | D:3      | Reached XP level 5. HP: 47/47 MP: 4/4
  2221 | D:3      | Reached skill level 5 in Polearms
  2410 | D:3      | Reached skill level 5 in Fighting
  2455 | D:3      | Found a basalt altar of Yredelemnul.
  2958 | D:4      | Noticed an ogre
  2965 | D:4      | Killed an ogre
  2966 | D:4      | Reached XP level 6. HP: 14/56 MP: 5/5
  3292 | D:4      | Reached *** piety under Elyvilon
  3380 | D:4      | Reached skill level 6 in Polearms
  3782 | D:4      | Reached XP level 7. HP: 61/61 MP: 6/6
  4171 | D:4      | Reached skill level 7 in Polearms
  4539 | D:5      | Entered Level 5 of the Dungeon
  4744 | D:5      | Reached skill level 8 in Polearms
  4863 | D:5      | Noticed Grinder
  4880 | D:5      | Killed Grinder
  4881 | D:5      | Reached XP level 8. HP: 49/70 MP: 7/7
  5007 | D:5      | Reached skill level 9 in Polearms
  5027 | D:5      | Reached **** piety under Elyvilon
  5039 | D:5      | Noticed Edmund
  5077 | D:5      | Killed Edmund
  5078 | D:5      | Reached skill level 5 in Armour
  6092 | D:6      | Reached skill level 10 in Polearms
  6353 | D:6      | Reached ***** piety under Elyvilon
  6504 | D:6      | Found a hide-covered altar of Uskayaw.
  6663 | D:7      | Noticed Prince Ribbit
  7288 | D:7      | Found a sand-covered staircase.
  7307 | Ossuary  | Entered an ossuary
  7335 | Ossuary  | Reached XP level 9. HP: 60/78 MP: 8/8
  7652 | Ossuary  | Reached skill level 11 in Polearms
  8445 | D:7      | Reached skill level 12 in Polearms
  8567 | D:7      | Found a staircase to the Ecumenical Temple.
  8861 | Temple   | Entered the Ecumenical Temple
  9161 | D:8      | Found a radiant altar of Vehumet.
  9741 | D:8      | Found a runed translucent gate.
  9742 | D:8      | Noticed a nine-headed hydra
  9743 | D:8      | Found a runed translucent gate.
  9743 | D:8      | Noticed PanSaczeczos's ghost (novice BaEE)
  9743 | D:8      | Noticed a nine-headed hydra
  9748 | D:8      | Found a runed translucent gate.
  9788 | D:8      | Reached XP level 10. HP: 41/90 MP: 9/9
 10171 | D:8      | Found a sparkling altar of Nemelex Xobeh.
 10913 | D:9      | Noticed a two-headed ogre
 11041 | D:9      | Killed a two-headed ogre
 11250 | D:9      | Noticed Gastronok
 11319 | D:9      | Killed Gastronok
 11320 | D:9      | Reached skill level 10 in Fighting
 11320 | D:9      | Reached skill level 13 in Polearms
 11470 | D:9      | Reached ****** piety under Elyvilon
 11493 | D:9      | Found a staircase to the Orcish Mines.
 11496 | D:9      | Noticed Grum
 11534 | D:9      | Reached skill level 10 in Armour
 11547 | D:9      | Killed Grum
 11948 | D:9      | Found a staircase to the Lair.
 11980 | D:9      | Reached XP level 11. HP: 75/102 MP: 10/10
 12353 | D:9      | Noticed a two-headed ogre
 12392 | D:9      | Killed a two-headed ogre
 13197 | Orc:1    | Entered Level 1 of the Orcish Mines
 13853 | Orc:1    | Reached skill level 14 in Polearms
 14009 | Orc:1    | Found Buennoe's Antique Weapon Shop.
 14055 | Orc:1    | Noticed an orc knight
 14094 | Orc:1    | Killed an orc knight
 14589 | Orc:2    | Entered Level 2 of the Orcish Mines
 14589 | Orc:2    | Found a staircase to the Elven Halls.
 14591 | Orc:2    | Noticed an orc sorcerer
 14592 | Orc:2    | Noticed an orc high priest
 14640 | Orc:2    | Noticed an orc knight
 14640 | Orc:2    | Noticed an orc sorcerer
 14657 | D:9      | Killed an orc sorcerer
 14722 | D:9      | Noticed a sixfirhy
 14727 | D:9      | Killed an orc high priest
 15034 | Orc:2    | Noticed an orc sorcerer
 15034 | Orc:2    | Noticed Sonja
 15049 | D:9      | HP: 2/104 [orc warrior/+0 flail (4)]
 15049 | D:9      | Elyvilon protects you from harm!
 15548 | D:9      | Elyvilon protects you from harm!
 15950 | Lair:1   | Entered Level 1 of the Lair of Beasts
 16292 | Lair:1   | Noticed a boulder beetle
 16867 | Lair:1   | Noticed a seven-headed hydra
 17301 | D:10     | Entered Level 10 of the Dungeon
 17320 | D:10     | Noticed Fannar
 17535 | D:10     | Killed Fannar
 17536 | D:10     | Reached XP level 12. HP: 78/113 MP: 11/11
 18290 | D:10     | Found a large runed translucent door.
 18293 | D:10     | Found a large runed translucent door.
 18382 | D:10     | Found a glowing silver altar of Zin.
 19306 | D:11     | Noticed Nergalle
 19365 | D:11     | HP: 1/93 [spectral orc knight/+0 war axe[Nergalle] (12)]
 19365 | D:11     | Elyvilon protects you from harm!
 19365 | D:11     | Mangled by a spectral orc warrior

Illustrated notes

Levels and vault maps discovered:
D:1:      onia_arrival_zoo_common, layout_loops_corners
D:2:      layout_loops_ring, shapermc_ecumenical_altar_rom_forum, minmay_tall_x
D:3:      layout_basic, nicolae_yredelemnul_corpse_copse, elyvilon_altar_5,
          uniq_ijyb
D:4:      layout_basic
D:5:      layout_loops_ring, uniq_edmund, uniq_grinder
D:6:      layout_basic, nicolae_uskayaw_suspiria
D:7:      layout_gridville, minmay_temple_entry_trees, enter_ossuary_4,
          uniq_prince_ribbit1
D:8:      layout_layer_cave, nicolae_vehumet_radiance, general_overflow_altar,
          enter_bailey_5, gammafunk_ghost_hydra_chop
D:9:      layout_stronghold, minmay_lair_entry_grove, uniq_grum, uniq_gastronok
D:10:     layout_gridville, mainiacjoe_overflow_chevrons, jmf_multi_god_temple2,
          uniq_fannar
D:11:     layout_stronghold, nicolae_blasting_shop,
          chequers_serial_rivers_room_a, uniq_nergalle, uniq_urug
Temple:   nicolae_temple_two_arcs
Lair:1:   beast_lair_carwin_large_4, layout_long_grid
Orc:1:    nicolae_orc_accident_1, layout_caves, serial_shops, shop
Orc:2:    grunt_orc_tribal_feast, layout_diamond_mine, uniq_sonja

Skill      XL: |  1  2  3  4  5  6  7  8  9 10 11 12 |
---------------+-------------------------------------+-----
Fighting       | 4 5 6 8 11 12 13 | 13.4
Polearms       | 4 5 6 8 10 12 13 14 | 14.8
Armour         | 1 2 3 4 7 8 10 13 | 13.5
Dodging        | 4 |  4.9
Stealth        | 2 |  2.5
Invocations    | |  0.9

Action                   |  1- 3 |  4- 6 |  7- 9 | 10-12 || total
-------------------------+-------+-------+-------+-------++-------
Melee: Spear             |    78 |   214 |   752 |  1042 ||  2086
       Headbutt          |    10 |    50 |   196 |   298 ||   554
       Punch             |       |     2 |    11 |    19 ||    32
Invok: Heal Self         |       |       |       |     3 ||     3
  Use: Scroll            |     2 |     3 |     8 |    10 ||    23
       Potion            |       |       |       |     3 ||     3
Armor: Robe              |     2 |       |       |       ||     2
       Scale mail        |     2 |       |       |       ||     2
       Plate armour      |    34 |    92 |   298 |   373 ||   797
Dodge: Dodged            |    21 |    75 |   315 |   538 ||   949
